AoeStats
← rafunga

Arena

508923887Analyzed
4v4 RM · 7d ago on Sep 24, 2026· 45m 5s· 8 players
Game mode
Random Map
Map size
Large (8 player)
Population
200
Speed
Normal
Resources
Standard
Victory
Conquest
Starting age
Dark Age
Ending age
Imperial Age
RankedLock teamsTeams togetherTeam positionsShared explorationLock speedFull tech treeHidden civsTurbo modeCheats
Victory
Defeat
🇲🇽 Varangians · Mexico
1523
+15
🇺🇸 Danes · United States
1457
+18
🇭🇰 Khmer · Hong Kong SAR China
1429
+19
🇭🇺 Vietnamese · Hungary
1416
+20
🇦🇹 Danes · Austria
1522
-19
🇦🇹 Cumans · Austria
1522
-19
🇵🇹 Bohemians · Portugal
1517
-19
🇦🇹 Turks · Austria
1429
-15
AJR86
10:21 Feudal Age
14:35 Castle Age
12:42 Double-Bit Axe
12:49 Horse Collar
15:40 Bow Saw
15:33 Heavy Plow
19:15 Loom
20:08 Wheelbarrow
20:45 Gold Mining
21:27 Hand Cart
22:41 Stone Mining
24:45 Crossbowman
25:16 Fletching
25:57 Thumb Ring
26:22 Bodkin Arrow
26:29 Padded Archer Armor
27:09 Ballistics
28:34 Pikeman
33:08 Imperial Age
30:54 Leather Archer Armor
31:21 Squires
31:32 Scale Mail Armor
31:43 Forging
34:16 Bracer
33:43 Arbalester
35:04 Chain Mail Armor
35:10 Chain Mail Armor
35:33 Iron Casting
37:29 Chemistry
36:35 Siege Engineers
39:28 Two-Man Saw
39:01 Crop Rotation
38:03 Halberdier
39:34 Paper Money
39:46 Ring Archer Armor
43:30 Hoardings
43:26 Plate Mail Armor
Monotone
10:03 Feudal Age
13:38 Castle Age
11:58 Double-Bit Axe
12:58 Horse Collar
15:28 Loom
19:48 Bow Saw
21:04 Scale Mail Armor
25:51 Wheelbarrow
Moris )
10:58 Feudal Age
11:36 Double-Bit Axe
14:35 Castle Age
12:32 Horse Collar
15:40 Bow Saw
20:55 Wheelbarrow
24:02 Hand Cart
24:58 Loom
24:58 Town Watch
26:12 Bloodlines
26:02 Husbandry
26:16 Scale Barding Armor
27:34 Chain Barding Armor
31:00 Chain Barding Armor
34:49 Imperial Age
32:43 Gold Mining
33:18 Forging
34:40 Iron Casting
33:47 Light Cavalry
34:53 Cavalier
36:43 Plate Barding Armor
35:58 Hussar
36:14 Vendel Legacy
38:12 Conscription
39:45 Scale Mail Armor
40:45 Blast Furnace
39:24 Elite Varangian Guard
39:50 Arson
40:06 Squires
40:39 Gambesons
41:11 Chain Mail Armor
虫
11:09 Feudal Age
14:34 Castle Age
12:22 Double-Bit Axe
12:20 Horse Collar
16:06 Bow Saw
15:59 Heavy Plow
21:05 Wheelbarrow
24:06 Hand Cart
23:46 Gold Mining
23:47 Stone Mining
30:04 Imperial Age
27:19 Loom
28:48 Husbandry
28:58 Bloodlines
29:30 Tusk Swords
30:31 Scale Barding Armor
30:36 Forging
30:51 Elite Battle Elephant
32:03 Town Watch
33:13 Crop Rotation
33:06 Chain Barding Armor
33:44 Gold Shaft Mining
33:45 Stone Shaft Mining
33:21 Town Patrol
34:27 Plate Barding Armor
34:28 Iron Casting
36:11 Blast Furnace
37:34 Capped Ram
39:44 Siege Ram
40:50 Conscription
40:39 Siege Engineers
42:02 Heavy Scorpion
Exarion
10:23 Feudal Age
14:19 Castle Age
13:19 Double-Bit Axe
13:49 Horse Collar
14:46 Loom
16:00 Bow Saw
18:20 Heavy Plow
22:29 Scale Mail Armor
22:51 Gambesons
22:53 Arson
24:04 Forging
25:55 Chain Mail Armor
25:53 Squires
27:20 Iron Casting
28:41 Wheelbarrow
29:59 Hand Cart
29:59 Gold Mining
29:59 Stone Mining
30:47 Padded Archer Armor
30:37 Fletching
35:22 Imperial Age
33:59 Bodkin Arrow
35:38 Leather Archer Armor
35:33 Elite Skirmisher
36:25 Elite Jomsviking
44:41 Ballistics
45:22 Chemistry
44:46 Bracer
rafunga
11:13 Feudal Age
15:08 Castle Age
14:15 Double-Bit Axe
14:30 Horse Collar
16:10 Bow Saw
25:56 Wheelbarrow
27:08 Wheelbarrow
29:38 Hand Cart
34:02 Imperial Age
31:18 Loom
32:54 Padded Archer Armor
32:45 Fletching
32:56 Scale Mail Armor
33:37 Wagenburg Tactics
35:39 Chemistry
35:00 Forging
35:06 Chain Mail Armor
35:31 Leather Archer Armor
35:21 Pikeman
36:02 Squires
36:59 Conscription
37:26 Plate Mail Armor
37:31 Iron Casting
37:58 Two-Man Saw
38:11 Halberdier
41:06 Blast Furnace
44:54 Ring Archer Armor
Spincrossover
8:19 Feudal Age
8:54 Double-Bit Axe
9:22 Horse Collar
13:42 Wheelbarrow
19:25 Castle Age
17:11 Loom
18:25 Scale Barding Armor
19:13 Bloodlines
19:16 Forging
19:31 Capped Ram
20:55 Chain Barding Armor
21:24 Bow Saw
22:04 Heavy Plow
26:16 Devotion
26:44 Town Watch
27:15 Hand Cart
30:49 Imperial Age
30:49 Cavalier
32:08 Plate Barding Armor
31:45 Forging
31:55 Gold Mining
31:56 Stone Mining
32:11 Pikeman
32:51 Squires
32:37 Arson
33:33 Scale Mail Armor
34:00 Halberdier
35:37 Chain Mail Armor
35:58 Iron Casting
37:41 Plate Mail Armor
39:14 Paladin
44:25 Cuman Mercenaries
44:48 Conscription
45:32 Blast Furnace
Tami
12:33 Feudal Age
16:55 Castle Age
15:07 Double-Bit Axe
15:04 Horse Collar
21:06 Imperial Age
19:03 Bow Saw
24:28 Ballistics
29:46 Padded Archer Armor
34:57 Forging
35:34 Scale Barding Armor
35:56 Bloodlines
36:07 Husbandry
38:44 Iron Casting
39:28 Chain Barding Armor
41:02 Blast Furnace
41:27 Loom
43:20 Plate Barding Armor
Connection lost

Rejoining the realm…

Still unreachable

The connection could not be restored.

Session expired

The server has moved on; the page needs a fresh start.